 Dungeon Crawl Stone Soup version 0.29.0-11-gd7f09526c8 (webtiles) character file.

Game seed: 9992897989860084028

44 CrazyBamboolord the Grave Robber (level 3, -2/25 HPs)
             Began as a Mummy Necromancer on Sept 5, 2022.
             Was an Initiate of Makhleb.
             Slain by an orc priest
             ... wielding a +0 whip
              (3 damage)
             ... on level 3 of the Dungeon.
             The game lasted 00:05:22 (1712 turns).

CrazyBamboolord the Grave Robber (MuNe)             Turns: 1712, Time: 00:05:23

Health: -2/25      AC:  2    Str: 11    XL:     3   Next: 41%
Magic:  2/8        EV: 12    Int: 16    God:    Makhleb [......]
Gold:   96         SH:  0    Dex: 12    Spells: 5/9 levels left

rFire   x . .      SeeInvis .   (no weapon)
rCold   + . .      Faith    .   (no shield)
rNeg    + + +      Spirit   .   a - +0 robe
rPois   ∞          Reflect  .   (no helmet)
rElec   .          Harm     .   (no cloak)
rCorr   .          Rampage  .   (no gloves)
Will    ++...                   (no boots)
Stlth   ++........              (no amulet)
HPRegen 0.08/turn               e - ring of willpower
MPRegen 0.11/turn               i - ring of willpower

@: about to teleport
A: cold resistance 1, negative energy resistance 3, torment resistance 2, heat
vulnerability 1, in touch with death 1, no potions
a: Renounce Religion


You were on level 3 of the Dungeon.
You worshipped Makhleb.
Makhleb was noncommittal.
You visited 1 branch of the dungeon, and saw 3 of its levels.

You collected 96 gold pieces.

Inventory:

Missiles
 g - a throwing net
Armour
 a - a +0 robe (worn)
 b - an orb of energy
Jewellery
 e - a ring of willpower (left hand)
 i - a ring of willpower (right hand)
Scrolls
 c - a scroll of immolation
 d - a scroll of vulnerability


   Skills:
 * Level 0.5 Fighting
 * Level 1.8 Dodging
 - Level 1.5 Stealth
 * Level 3.5 Spellcasting
 * Level 4.6 Necromancy


You had 5 spell levels left.
You knew the following spells:

 Your Spells              Type           Power      Damage    Failure   Level
a - Necrotise             Necr           100%       1d9       2%          1
b - Vampiric Draining     Necr           26%        2d7       8%          3

Your spell library contained the following spells:

 Spells                   Type           Power      Damage    Failure   Level
 Animate Dead             Necr           26%        N/A       26%         4
 Agony                    Necr           26%        N/A       58%         5
 Airstrike                Air            1%         2d(1-17)  87%         4
 Summon Lightning Spire   Summ/Air       2%         N/A       87%         4
 Lightning Bolt           Conj/Air       1%         1d12      99%         5


Dungeon Overview and Level Annotations

Branches:
Dungeon (2/15)

Altars:
Makhleb


Innate Abilities, Weirdness & Mutations

You are immune to poison.
Your flesh is cold resistant. (rC+)
You are immune to negative energy. (rN+++)
You are immune to unholy pain and torment.
You are vulnerable to heat. (rF-)
You are in touch with the powers of death.
You do not drink.


Message History

You feel a surge of power!
The orc writhes in agony.
The orc hits you with a +0 short sword.
Aiming: Necrotise (safe; 2% risk of failure)
Press: ? - help, Q - select action, (/) - cycle Shift-Dir - straight line, f/p - orc
Aim: an orc, wielding a +0 short sword (heavily wounded, ally target, chance to affect: 93%)
You feel a surge of power!
The orc writhes in agony.
You kill the orc!
Makhleb accepts your kill.
The dead are walking!
The orc priest mumbles some strange prayers to Beogh against you.
Beogh smites you!
The orc priest mumbles some strange prayers to Beogh against you.
Beogh smites you!
* * * LOW HITPOINT WARNING * * *
Something hits your orc skeleton.
You can't drink.
Okay, then.
Something hits your orc skeleton.
Your orc skeleton is destroyed!
Casting: Necrotise (safe; 2% risk of failure)
Confirm with . or Enter, or press ? or * to list all spells.
The spell is quite dangerous to miscast (9% risk of failure)!
Continue anyway?
Aiming: Vampiric Draining (quite dangerous; 9% risk of failure)
Press: ? - help, Shift-Dir - straight line, f - orc
Aim: an orc, wielding a +0 dagger and wearing a +0 ring mail You feel a surge of power!
You draw life force from the orc!
You kill the orc!
Makhleb accepts your kill.
You feel life coursing into your body.
You start resting.
An orc priest is nearby!
You hit the orc priest but do no damage.
The orc priest hits you with a +0 whip.
* * * LOW HITPOINT WARNING * * *
As you read the scroll of teleportation, it crumbles to dust.
You feel strangely unstable.
The orc priest begins to cast a cantrip, but forgets the words!
The orc priest attacks as you move away!
The orc priest hits you with a +0 whip.
You die...

)....# ....#
#)#.# #.#.#
##o#.# #..#.#
# #Z##.#
#.##.##.#
####†#...#@##
........†o..+
######...####
##.## #.#
####.# #....#
#.#### #.#


You could see an orc priest.

Vanquished Creatures
  3 orcs (D:3)
  4 bats (D:1)
  4 endoplasms
  2 giant cockroaches (D:3)
  4 goblins (D:1)
  2 hobgoblins (D:1)
  2 jackals (D:1)
  2 kobolds (D:1)
  A quokka (D:2)
  6 ball pythons
  2 frilled lizards (D:1)
  5 rats
37 creatures vanquished.

Vanquished Creatures (collateral kills)
  A rat (D:1)
1 creature vanquished.

Grand Total: 38 creatures vanquished

Notes
Turn   | Place    | Note
-------+----------+-------------------------------------------
     0 | D:1      | CrazyBamboolord the Mummy Necromancer began the quest for
                  | the Orb.
     0 | D:1      | Reached XP level 1. HP: 13/13 MP: 4/4
    49 | D:1      | Found a faded altar of an unknown god.
   174 | D:1      | Reached XP level 2. HP: 18/19 MP: 1/5
  1221 | D:1      | Gained mutation: You are in touch with the powers of death.
                  | [Mummy growth]
  1221 | D:1      | Reached XP level 3. HP: 25/25 MP: 3/7
  1397 | D:2      | Found a burning altar of Makhleb.
  1411 | D:2      | Learned a level 3 spell: Vampiric Draining
  1411 | D:2      | Became a worshipper of Makhleb the Destroyer
  1613 | D:2      | You fall into a shaft and drop 1 floor!
  1696 | D:3      | HP: 1/25 [orc priest/divine providence (9)]
  1710 | D:3      | HP: 1/25 [orc priest/+0 whip (4)]
  1712 | D:3      | Slain by an orc priest

Illustrated notes

Levels and vault maps discovered:
D:1:      minmay_arrival_wavy_path, layout_loops_ring,
          shapermc_ecumenical_altar_starsandcircs, serial_aquarium,
          aquarium_bridge_island_large [aquarium_subvault_large_water,
          aquarium_subvault_bridge, aquarium_subvault_balcony,
          aquarium_subvault_window, aquarium_subvault_bridge],
          aquarium_window_corridor_1, aquarium_window_2, aquarium_view_2f
D:2:      layout_basic, basic_altar, uniq_crazy_yiuf_cottage
D:3:      layout_loops_corners

Skill      XL: |  1  2 |
---------------+-------+-----
Spellcasting   | 3 |  3.5
Fighting       | |  0.5
Dodging        | |  1.8
Stealth        | |  1.5
Necromancy     | |  4.6

Action                   || total
-------------------------++-------
Melee: Unarmed           ||     6
 Cast: Necrotise         ||    60
       Vampiric Draining ||     1
  Use: Scroll            ||     4
Armor: Robe              ||     3
Dodge: Dodged            ||    11
